[Event "Late-Titled-Tuesday-Blitz-May-14-2024"]
[Site "Chess.com"]
[Date "2024.05.14"]
[Round "3"]
[White "LLRChess"]
[Black "MarkusRagger"]
[Result "1-0"]
[WhiteElo "2540"]
[BlackElo "2808"]
[TimeControl "180+1"]
[EndTime "14:30:01 PDT"]
[Termination "LLRChess won by resignation"]

1. e4 e5 2. Nf3 Nc6 3. Bc4 Nf6 4. d4 exd4 5. e5 d5 6. Bb5 Nd7 7. O-O Be7 8. Bxc6 bxc6 9. Nxd4 Nb8 10. Nc3 c5 11. Nde2 Bb7 12. Nf4 d4 13. Nce2 O-O 14.
c3 Nc6 15. Qb3 Rb8 16. Qa4 d3 17. Ng3 Nxe5 18. Be3 Bd6 19. Nf5 Qf6 20. Nxd6 cxd6 21. Qxa7 Nf3+ 22. gxf3 Bxf3 23. h3 Rxb2 24. Kh2 d2 25. Qa3 Rc2 26. Rg1 Rxc3 27. Qa6 Rc2 28. Qd3 Rb2 29. Bxd2 Qe5 30. Be3 c4 31. Qd4 Rc2 32. Qxe5 dxe5 33. Ng2 Rb8 34. Ne1 Re2 35. Nxf3 Rbb2 36. Kg3 f5 37. Nxe5 c3 38. Rgc1 c2 39. Nd3 Rb4 40. Nxb4 g5 41. Bxg5 Re4 42. Be3 Rxb4 43.
Rxc2 Kf7 44. Rd1 h5 45. Rd6 h4+ 46. Kf3 f4 47. Rc7+ Ke8 48. Rh6 Kd8 49. Rg7 1-0

[Event "Late-Titled-Tuesday-Blitz-May-14-2024"]
[Site "Chess.com"]
[Date "2024.05.14"]
[Round "3"]
[White "marik_spb"]
[Black "Umumba_FM"]
[Result "1-0"]
[WhiteElo "2510"]
[BlackElo "2670"]
[TimeControl "180+1"]
[EndTime "14:30:01 PDT"]
[Termination "marik_spb won by checkmate"]

1. e4 e5 2. Nf3 d6 3. Bc4 Nf6 4. Nc3 Be7 5. O-O O-O 6. d4 exd4 7. Nxd4 Re8 8. Bg5 c6 9. Bf4 Bf8 10. Re1 g6 11. a4 Nbd7 12. Nf3 h6 13. Bxd6 Nb6 14. Bxf8 Nxc4 15. Qxd8 Rxd8 16. Be7 Bg4 17. Bxf6 Re8 18. b3 Nb6 19. Rad1 g5 20. h3 Bh5 21. a5 Nc8 22. e5 Ne7 23. Rd7 Ng6 24. g4 Nf8 25. Rxb7 Bg6 26. Nd4 c5 27. Nf5 Kh7 28. Rd1 Rec8 29. Nd6 Rcb8 30. a6 Bxc2 31. Rd2 Bg6 32. Nxf7 Rxb7 33. axb7 Rb8 34. Nd6 Ne6 35.
Nd5 Nd4 36. Kg2 Nxb3 37. Rb2 c4 38. e6 Nc5 39. f3 a5 40. e7 a4 41. e8=Q Bxe8 42. Nxe8 a3 43. Ra2 Rxb7 44. Rxa3 Ne6 45. Be5 Kg6 46. Ra6 c3 47. Rxe6+ Kh7 48. Bxc3 Ra7 49.
Ndf6+ Kg6 50. Nh5+ Kf7 51. Re2 Ra3 52. Nd6+ Kf8 53.
Re8# 1-0

[Event "Late-Titled-Tuesday-Blitz-May-14-2024"]
[Site "Chess.com"]
[Date "2024.05.14"]
[Round "3"]
[White "farzadbfd"]
[Black "AlexeiShirov"]
[Result "1/2-1/2"]
[WhiteElo "2737"]
[BlackElo "2916"]
[TimeControl "180+1"]
[EndTime "14:30:03 PDT"]
[Termination "Game drawn by repetition"]

1. e4 e5 2. Nf3 Nc6 3. Bc4 Nf6 4. d3 Bc5 5. O-O O-O 6. Re1 Ng4 7. Re2 Kh8 8. h3 f5 9. Nc3 d6 10. Bg5 Nf6 11.
Nd5 fxe4 12. dxe4 Be6 13. c3 Ne7 14. b4 Bxd5 15. exd5 Bb6 16. Nh4 h6 17. Be3 g5 18.
Nf3 Ng6 19. Nh2 Nf4 20. Bxf4 gxf4 21. Kh1 Rg8 22. Bd3 Qd7 23. f3 Nh5 24. Ng4 Ng3+ 25. Kh2 Qg7 26. Rb2 Qg5 27. Bf1 Qh4 28. Qe1 Rg7 29.
a4 a5 30. Nf2 Rag8 31. Ne4 axb4 32. cxb4 Bd4 33. Rab1 Bxb2 34. Rxb2 Qe7 35. b5 Nf5 36. a5 Ne3 37. a6 b6 38. Ra2 Qd8 39. a7 Qa8 40. Qh4 Nxf1+ 41. Kg1 Ne3 42. Qxh6+ Rh7 43.
Qf6+ Rgg7 44. Ng5 Kg8 45. Qe6+ Kh8 46. Qf6 Kg8 47. Qe6+ Kh8 48. Qf6 1/2-1/2

[Event "Late-Titled-Tuesday-Blitz-May-14-2024"]
[Site "Chess.com"]
[Date "2024.05.14"]
[Round "3"]
[White "Hakiki_satranc"]
[Black "Love7Unicorn"]
[Result "1-0"]
[WhiteElo "2428"]
[BlackElo "2506"]
[TimeControl "180+1"]
[EndTime "14:30:04 PDT"]
[Termination "Hakiki_satranc won by resignation"]

1. d4 Nf6 2. c4 e6 3. Nf3 b6 4.
a3 Bb7 5. Nc3 Ne4 6. Nxe4 Bxe4 7. e3 Be7 8. Bd3 Bxd3 9. Qxd3 O-O 10. O-O a5 11. e4 f5 12. e5 a4 13. Bd2 Qc8 14. d5 Bc5 15. Be3 Na6 16. Nd2 Qb7 17.
Bxc5 Nxc5 18. Qd4 f4 19. Rae1 Rf5 20. g4 fxg3 21. fxg3 Raf8 22. Rxf5 Rxf5 23. Rf1 Rxf1+ 24. Kxf1 Qa8 25. Ne4 Nb3 26. Qd3 Qf8+ 27. Kg2 h6 28. dxe6 dxe6 29. Qd7 Qf7 30. Qxf7+ Kxf7 31. Kf3 Na5 32.
c5 b5 33. Nd2 Nc6 34. Ke4 g5 35. g4 Kg6 36. h3 Na5 37. Kd4 c6 38. Kc3 Nb7 39. Kd4 h5 40. Ne4 hxg4 41. hxg4 Kh6 42. Nd6 Nd8 43. Ke4 Kg6 44. Kd4 Kh6 45. Kc3 Kg6 46.
Kb4 Nf7 47. Nxf7 Kxf7 48. Ka5 Ke8 49. Kb6 Kd7 50. Kb7 Kd8 51. Kxc6 b4 52. axb4 1-0

[Event "Late-Titled-Tuesday-Blitz-May-14-2024"]
[Site "Chess.com"]
[Date "2024.05.14"]
[Round "3"]
[White "Artem_Koval"]
[Black "ViIIagra"]
[Result "0-1"]
[WhiteElo "2590"]
[BlackElo "2844"]
[TimeControl "180+1"]
[EndTime "14:30:05 PDT"]
[Termination "ViIIagra won by checkmate"]

1. d4 d6 2. e4 g6 3. Nc3 a6 4.
Nf3 b5 5. Bd3 Nd7 6. Be3 Bb7 7.
a4 b4 8. Ne2 Ngf6 9. Ng3 Bg7 10. O-O O-O 11. Qd2 c5 12. c3 c4 13. Bxc4 bxc3 14.
bxc3 Nxe4 15. Nxe4 Bxe4 16. Qe2 Nb6 17. Bxa6 Nd5 18. Ng5 Nxc3 19. Qc4 Bd5 20. Qd3 h6 21. Nh3 Qa5 22. Bc4 Bxc4 23. Qxc4 Rfc8 24. Qd3 Nxa4 25.
Nf4 Qf5 26. Qd2 Nb6 27. Rxa8 Rxa8 28. Qb4 Rb8 29. h3 Nd7 30. Qa4 Nf6 31. Qa7 Re8 32.
Rc1 g5 33. Ne2 Nd5 34. Ng3 Qd3 35. Re1 Nxe3 36. Rxe3 Qxd4 37. Rxe7 Qxa7 38. Rxa7 Re1+ 39. Kh2 Be5 40. Ra4 Kg7 41. h4 Kg6 42. hxg5 hxg5 43. Kh3 f5 44. f3 Ra1 45. Rc4 Rb1 46. Rc6 Kf6 47. Rc8 Ke6 48. Rf8 d5 49. Ne2 Rh1# 0-1

[Event "Late-Titled-Tuesday-Blitz-May-14-2024"]
[Site "Chess.com"]
[Date "2024.05.14"]
[Round "3"]
[White "gabduschew"]
[Black "TheWiscoIndian"]
[Result "0-1"]
[WhiteElo "2388"]
[BlackElo "2212"]
[TimeControl "180+1"]
[EndTime "14:30:05 PDT"]
[Termination "TheWiscoIndian won by resignation"]

1. e4 e6 2. d4 d5 3. exd5 exd5 4.
c4 Nf6 5. Nc3 Bd6 6. Nf3 O-O 7.
Be2 Bg4 8. O-O c6 9. h3 Bh5 10. Bg5 dxc4 11. Bxc4 Nbd7 12. Qd3 Bg6 13. Qd2 Qa5 14.
Rfe1 h6 15. Bf4 Bxf4 16. Qxf4 Nb6 17. Bb3 Nbd5 18. Nxd5 Nxd5 19. Qg4 Rae8 20. Ne5 Bh7 21. Kh2 Re7 22. Re2 Rfe8 23. Rae1 f6 24. Nc4 Qxe1 25. Rxe1 Rxe1 26. Nd6 Rf8 27. Nxb7 f5 28. Qf3 Re4 29. Nc5 Re7 30. Bxd5+ cxd5 31. Qxd5+ Kh8 32. b4 f4 33. a4 f3 34. gxf3 Bg8 35. Qd6 Ref7 36. Ne6 Re8 37. d5 Rxf3 38. Kg2 Rf6 39. Qd7 Rg6+ 40. Kf1 Rexe6 41. dxe6 Bxe6 42. Qe8+ Kh7 43. b5 Bxh3+ 44. Ke2 Re6+ 45. Qxe6 Bxe6 46. Kd3 h5 47. a5 Bd5 48.
Kd4 Bf3 49. Ke3 Bd5 50. Kd4 Bf3 51. Ke3 Bb7 52. Kf4 Kh6 53. b6 axb6 54. axb6 g5+ 55. Kg3 h4+ 56. Kg4 Bc8+ 57. Kf3 Kh5 58. Kg2 g4 59. Kh2 Bb7 60. Kg1 h3 61. Kh2 Kh4 62.
Kg1 g3 63. fxg3+ Kxg3 64. Kf1 h2 0-1

[Event "Late-Titled-Tuesday-Blitz-May-14-2024"]
[Site "Chess.com"]
[Date "2024.05.14"]
[Round "3"]
[White "jaramsdal"]
[Black "Davidalhesa2007"]
[Result "1/2-1/2"]
[WhiteElo "2359"]
[BlackElo "1935"]
[TimeControl "180+1"]
[EndTime "14:30:05 PDT"]
[Termination "Game drawn by repetition"]

1. e4 c5 2. a3 g6 3. Bc4 Bg7 4.
Nc3 a6 5. Nge2 b5 6. Ba2 Bb7 7. d4 cxd4 8. Nxd4 e6 9. O-O Ne7 10. Kh1 Nbc6 11. Be3 O-O 12. f4 Nxd4 13. Bxd4 Bxd4 14.
Qxd4 d5 15. f5 dxe4 16. Qxd8 Rfxd8 17. fxe6 fxe6 18. Bxe6+ Kh8 19. Rf7 Re8 20. Bd7 Kg8 21. Bxe8 Rxe8 22. Raf1 e3 23. R7f4 Nf5 24. Kg1 h5 25. g4 hxg4 26. Rxg4 Kg7 27. Rxf5 Bc8 28. Rff4 Bxg4 29. Rxg4 e2 30. Nxe2 Rxe2 31. Rg2 Re1+ 32. Kf2 Rb1 33. b3 Ra1 34. Ke3 Rxa3 35. Kd4 b4 36. Kc4 a5 37. Kb5 Ra2 38. Rd2 Kh6 39. h3 Kh5 40. Rd3 g5 41. Re3 Kh4 42. Rd3 Rxc2 43.
Kxa5 Rc3 44. Rd4+ Kxh3 45. Kxb4 Rf3 46. Rd5 g4 47. Rh5+ Kg3 48. Kc5 Rxb3 49. Kc4 Rb1 50. Kd3 Rd1+ 51. Ke2 Ra1 52. Rb5 Ra2+ 53. Kf1 Ra3 54.
Rb1 Kf3 55. Kg1 Kg3 56. Rc1 Rf3 57. Rb1 Rd3 58. Rc1 Re3 59. Rb1 Kh3 60. Rc1 Kg3 61.
Rb1 Ra3 62. Rc1 Kf3 63. Rb1 Kg3 1/2-1/2

[Event "Late-Titled-Tuesday-Blitz-May-14-2024"]
[Site "Chess.com"]
[Date "2024.05.14"]
[Round "3"]
[White "ClauAmura"]
[Black "GMMikhailKazakov"]
[Result "0-1"]
[WhiteElo "2281"]
[BlackElo "2511"]
[TimeControl "180+1"]
[EndTime "14:30:06 PDT"]
[Termination "GMMikhailKazakov won on time"]

1. d4 d5 2. Bg5 f6 3. Bh4 Nh6 4. f3 c5 5. dxc5 Qa5+ 6. Qd2 Qxc5 7. Bf2 Qd6 8. Nc3 e6 9. e4 dxe4 10. Qxd6 Bxd6 11. Nxe4 Be7 12. Bb5+ Bd7 13. Bxd7+ Nxd7 14. O-O-O Nf7 15. Ne2 O-O-O 16. Nf4 f5 17. Nxe6 fxe4 18. Nxd8 Rxd8 19. fxe4 Re8 20. Rd3 Bg5+ 21. Kb1 Rxe4 22. Rhd1 Nfe5 23. Rc3+ Kb8 24. b3 b6 25. Bg3 Bf4 26.
Bxf4 Rxf4 27. Rh3 h6 28. Rh5 Rf2 29. Rd5 Re2 30. h3 Kc7 31. g4 Kc6 32. c4 a6 33. g5 hxg5 34. Rxg5 b5 35. Rxg7 bxc4 36. bxc4 Nc5 37. a4 Re1+ 38. Ka2 Nxc4 39. Rgg5 Re2+ 40.
Kb1 Nxa4 41. Rd3 Nd2+ 42. Kc1 Ne4 43. Rg6+ Kb5 44. Rg4 Nac5 45. Ra3 a5 46. h4 Rh2 47. Re3 Nf2 48. Rf4 Nfd3+ 0-1

[Event "Late-Titled-Tuesday-Blitz-May-14-2024"]
[Site "Chess.com"]
[Date "2024.05.14"]
[Round "3"]
[White "baki83"]
[Black "ReadySkate"]
[Result "1-0"]
[WhiteElo "2930"]
[BlackElo "2735"]
[TimeControl "180+1"]
[EndTime "14:30:08 PDT"]
[Termination "baki83 won by resignation"]

1. e4 c5 2. Nf3 e6 3. c3 d5 4. e5 d4 5. d3 Nc6 6. g3 Nge7 7. Bg2 Ng6 8. O-O Ngxe5 9. Nxe5 Nxe5 10. Re1 Nc6 11.
Na3 Be7 12. Bf4 O-O 13. Nb5 a6 14. Na3 Bd6 15. Bxd6 Qxd6 16. Nc4 Qc7 17. Rc1 Rd8 18. Qh5 dxc3 19. bxc3 b6 20. Rb1 Rb8 21. Bxc6 Qxc6 22. Qxf7+ Kh8 23. Ne5 Qd5 24. Re4 Bb7 25. Ng6+ hxg6 26.
Rh4+ Qh5 27. Rxh5+ gxh5 28. Qxh5+ Kg8 29. Qg6 Rd6 30.
h4 Rbd8 31. Rd1 e5 32. Qg5 e4 33. d4 cxd4 34. cxd4 Rd5 35. Qe7 R8d7 36. Qe8+ Kh7 37. Qxe4+ Kg8 38. Qe6+ Kh7 39. Qxb6 Rf5 40. Qe6 Rdf7 41.
Qe3 Rf3 42. Qd2 Bd5 43. Re1 Ra3 44. Re5 Bf3 45. Re3 Rxe3 46. Qxe3 Bd5 47. a3 Rc7 48. g4 Rb7 49. Qd3+ Kg8 50. Qf5 Rb5 51. Qc8+ Kh7 52. Qc2+ Kg8 53. Kh2 Bf7 54. f3 a5 55. Kg3 Rd5 56.
Qc3 Kh7 57. h5 Kg8 58. Kh4 Kh7 59. f4 Kg8 60. f5 Rd8 61. Qc5 Rd5 62. Qb6 Kh7 63.
g5 Kh8 64. g6 Bg8 65. Kg5 a4 66. h6 Rd7 67. hxg7+ Rxg7 68. Qf6 Bd5 69. Kh6 1-0

[Event "Late-Titled-Tuesday-Blitz-May-14-2024"]
[Site "Chess.com"]
[Date "2024.05.14"]
[Round "3"]
[White "urano56"]
[Black "marvinguevara"]
[Result "1-0"]
[WhiteElo "2421"]
[BlackElo "2200"]
[TimeControl "180+1"]
[EndTime "14:30:08 PDT"]
[Termination "urano56 won on time"]

1. e4 c5 2. Nf3 Nc6 3. d4 cxd4 4. Nxd4 g6 5. Nc3 Bg7 6. Be3 Nf6 7. Be2 d5 8. Nxc6 bxc6 9. e5 Nd7 10. f4 O-O 11.
O-O Re8 12. Kh1 Nf8 13. Na4 h5 14. c4 Bf5 15. Rc1 Ne6 16. Nc5 Nxc5 17. Bxc5 e6 18. Qa4 Qh4 19. g3 Be4+ 20. Bf3 Bxf3+ 21. Rxf3 Qg4 22.
Kg2 h4 23. h3 Qf5 24. g4 Qe4 25. Qc2 Qxc2+ 26. Rxc2 a5 27. Bf2 Rab8 28. Bxh4 Rb4 29. cxd5 cxd5 30. b3 Reb8 31. Rfc3 Kh7 32. Bg3 a4 33.
bxa4 Rxa4 34. h4 d4 35. Rc7 d3 36. Rd2 Rd8 37. Rxf7 Rc4 38. Kf2 Re4 39. h5 gxh5 40. gxh5 Kg8 41. Rb7 Bf8 42. Bh4 Bc5+ 43. Kf3 Re3+ 44.
Kg4 Rf8 45. Bf6 Rf7 46. Rb8+ Kh7 47. Rc8 Bf8 48. Rd8 Kh6 49. R8xd3 Re1 50. Bg5+ Kh7 51. Rd7 Rg1+ 52. Kh3 Rh1+ 53. Kg2 Rxd7 54. Rxd7+ Kg8 55. Kxh1 1-0

[Event "Late-Titled-Tuesday-Blitz-May-14-2024"]
[Site "Chess.com"]
[Date "2024.05.14"]
[Round "3"]
[White "YouShallNotPass001"]
[Black "Meri-Arabidze"]
[Result "0-1"]
[WhiteElo "2494"]
[BlackElo "2689"]
[TimeControl "180+1"]
[EndTime "14:30:12 PDT"]
[Termination "Meri-Arabidze won by checkmate"]

1. e4 c5 2. Nf3 e6 3. g3 Nc6 4. Bg2 Nf6 5. Nc3 d5 6. exd5 exd5 7. d4 cxd4 8. Nxd4 Bc5 9. Nb3 Bb4 10. Bd2 O-O 11. O-O Bg4 12. Bf3 Bh3 13. Re1 h6 14. a3 Bd6 15. Be3 Ne5 16. Nxd5 Nxf3+ 17. Qxf3 Nxd5 18. Qxd5 Qf6 19. Nd4 b6 20. Qf3 Qg6 21. c3 Rad8 22. Bf4 Bc5 23. Nc6 Rd3 24. Qe4 Bf5 25.
Ne7+ Bxe7 26. Qxe7 Rfd8 27. Qxa7 Bh3 28. Qb7 h5 29. Be3 R3d6 30. Bd4 Be6 31. Re5 Bd5 32.
Qe7 f6 33. Re3 Qf5 34. Rae1 Qh3 35. f3 h4 36. Bxf6 gxf6 37. Qc7 Bf7 38. g4 Rd2 39. R3e2 Rxe2 40. Qxd8+ Kg7 41. Rxe2 Qxf3 42. Qd2 h3 43. Qe3 Qd5 44. Qxh3 Qd1+ 45. Kf2 Bc4 46. Re7+ Kf8 47. Qh7 Qf1+ 48. Kg3 Qg1+ 49. Kf4 Qf2+ 50. Ke4 Qe2+ 51.
Kd4 Qxg4+ 52. Re4 Qc8 53. Qe7+ Kg8 54. Qxf6 Qc5# 0-1

[Event "Late-Titled-Tuesday-Blitz-May-14-2024"]
[Site "Chess.com"]
[Date "2024.05.14"]
[Round "3"]
[White "carloseduar100"]
[Black "dennisodessa"]
[Result "0-1"]
[WhiteElo "2242"]
[BlackElo "2459"]
[TimeControl "180+1"]
[EndTime "14:30:12 PDT"]
[Termination "dennisodessa won by checkmate"]

1. d4 Nf6 2. Bg5 Ne4 3. h4 c5 4. d5 Qb6 5. Nd2 Nxg5 6. hxg5 Qxb2 7. e4 g6 8. Rb1 Qxa2 9. Nc4 Bg7 10. Rh3 b5 11.
Ra3 Qxb1 12. Qxb1 bxc4 13. Bxc4 O-O 14. Nf3 d6 15. Kf1 Nd7 16. Bb5 a6 17. Bxd7 Bxd7 18. Qb7 Bb5+ 19. Kg1 Rfe8 20. Nd2 Rab8 21. Qc7 Rbc8 22.
Qa5 c4 23. Rh3 Rc5 24. Qa3 c3 25. Nf1 Bxf1 26. Kxf1 a5 27. Ke2 Rc4 28. f3 a4 29.
Qa1 Ra8 30. Rh1 Rb4 31. Rb1 Rb2 32. Kd3 a3 33. f4 Rxb1 34. Qxb1 a2 35. Qa1 Ra4 36. g3 Rd4+ 37. Ke3 Ra4 38. Kd3 f5 39. gxf6 Bxf6 40. g4 h6 41. Ke3 g5 42. fxg5 Bxg5+ 43. Kd3 Bf6 44. Ke3 Kg7 45. Kd3 Kg6 46. Ke3 Bg5+ 47.
Kd3 Bd2 48. Qf1 a1=Q 49. Qf5+ Kg7 50. g5 Bxg5 51. e5 Qd1+ 52. Kxc3 Qd4+ 53. Kb3 Qb4# 0-1

[Event "Late-Titled-Tuesday-Blitz-May-14-2024"]
[Site "Chess.com"]
[Date "2024.05.14"]
[Round "3"]
[White "Msb2"]
[Black "Nor1lsk"]
[Result "1-0"]
[WhiteElo "3075"]
[BlackElo "2785"]
[TimeControl "180+1"]
[EndTime "14:30:14 PDT"]
[Termination "Msb2 won by checkmate"]

1. d4 g6 2. c4 Bg7 3. e4 c6 4. Nc3 d5 5. e5 Nh6 6. Bd3 O-O 7. Nge2 Na6 8. cxd5 Nb4 9. Bb1 Nxd5 10. O-O Bf5 11. Bxh6 Bxh6 12. Bxf5 gxf5 13. Ng3 e6 14.
Nh5 Kh8 15. Nxd5 cxd5 16. f4 Qh4 17. g3 Qh3 18. Nf6 Bg7 19. Qh5 Qxh5 20. Nxh5 Rfc8 21.
Rac1 Bf8 22. Kf2 Be7 23. h3 Kg8 24. g4 fxg4 25. hxg4 Kf8 26. Ke3 Rc6 27. Rxc6 bxc6 28. f5 Bg5+ 29. Kd3 Ke7 30. Rh1 h6 31. Ng3 Rc8 32.
Ne2 c5 33. dxc5 Rxc5 34. Nd4 Bf4 35. Re1 a6 36. b3 Rc8 37. a4 Rg8 38. b4 Rxg4 39. b5 axb5 40. axb5 Rg3+ 41. Kc2 Rg8 42. fxe6 fxe6 43. Nc6+ Kd7 44. Rf1 Rg4 45. Ra1 Kc7 46. Ra6 h5 47. Nd4 Bxe5 48. Nxe6+ Kb7 49. Nc5+ Kc7 50.
Rc6+ Kb8 51. Nd7+ Kb7 52. Nxe5 Rb4 53. Rc5 d4 54. Nc4 h4 55. Kd3 h3 56. b6 Rb3+ 57. Kxd4 Rg3 58. Rh5 Rg4+ 59. Kc3 Rg3+ 60. Kb4 Rf3 61. Rh6 Rg3 62. Na5+ Ka6 63. b7+ Ka7 64.
Rh8 Rg4+ 65. Kc3 Rg3+ 66. Kd4 h2 67. b8=Q+ Ka6 68. Qb7+ Kxa5 69. Ra8# 1-0

[Event "Late-Titled-Tuesday-Blitz-May-14-2024"]
[Site "Chess.com"]
[Date "2024.05.14"]
[Round "3"]
[White "KaydenTroffChess"]
[Black "Pingah9"]
[Result "1/2-1/2"]
[WhiteElo "2864"]
[BlackElo "2545"]
[TimeControl "180+1"]
[EndTime "14:30:17 PDT"]
[Termination "Game drawn - insufficient material"]

1. d4 g6 2. Nf3 Bg7 3. Bg5 b6 4. Nc3 Bb7 5. e3 d6 6. a4 a6 7. Bc4 Nd7 8. Ba2 Ngf6 9. Qd3 h6 10. Bh4 g5 11. Bg3 Nh5 12. Qf5 Ndf6 13. O-O-O Qd7 14. Qxd7+ Nxd7 15. Bd5 Rb8 16. Bxb7 Rxb7 17. e4 e6 18. Ne2 b5 19. axb5 Rxb5 20. b3 Ke7 21. h4 Nxg3 22. Nxg3 g4 23. Nh2 h5 24. Nhf1 c5 25. d5 Bd4 26.
Ne3 Nf6 27. Rhf1 Be5 28. dxe6 fxe6 29. f4 gxf3 30. Rxf3 Rg8 31. Nef1 Rg4 32. c4 Ra5 33. Ne2 Ra1+ 34. Kc2 Rxd1 35. Kxd1 Rxe4 36. g3 Ng4 37. Kd2 a5 38. Kd3 d5 39. cxd5 exd5 40. Nd2 Rb4 41. Rf5 Ke6 42. Rxh5 a4 43. bxa4 Rxa4 44. Rg5 Nf2+ 45.
Kc2 Ra2+ 46. Kc1 Rxd2 47. Kxd2 Ne4+ 48. Ke3 Nxg5 49. hxg5 Kf5 50. Kf3 Kxg5 51. Ng1 c4 52.
Nh3+ Kf5 53. g4+ Ke6 54. Ng5+ Ke7 55. Ke3 Bg7 56. Nf3 Ke6 57. Kf4 d4 58. Ke4 d3 59.
Nd2 c3 60. Kxd3 cxd2 61. Kxd2 Ke5 62. Ke3 Bh6+ 63. Kf3 Bg5 64. Kg3 Kf6 65. Kg2 Bh6 66. Kf3 Kg5 67. Kg3 Bg7 68. Kg2 Be5 69. Kf3 Bd6 70. Kf2 Kxg4 1/2-1/2

[Event "Late-Titled-Tuesday-Blitz-May-14-2024"]
[Site "Chess.com"]
[Date "2024.05.14"]
[Round "3"]
[White "Zq1"]
[Black "albayo"]
[Result "1-0"]
[WhiteElo "2615"]
[BlackElo "2404"]
[TimeControl "180+1"]
[EndTime "14:30:19 PDT"]
[Termination "Zq1 won by checkmate"]

1. d4 Nf6 2. c4 g6 3. Nc3 Bg7 4.
e4 d6 5. Nf3 O-O 6. Be2 e5 7. O-O Nc6 8. d5 Ne7 9. Ne1 Nd7 10. Be3 f5 11. f3 f4 12. Bf2 g5 13.
Nb5 b6 14. b4 a6 15. Nc3 Ng6 16. a4 a5 17. bxa5 Rxa5 18. Nd3 Nf6 19. Nb5 Bd7 20. Be1 Ra8 21. a5 bxa5 22. Rxa5 Rxa5 23. Bxa5 Ne8 24.
Nf2 Rf7 25. c5 Bxb5 26. Bxb5 h5 27. cxd6 Nxd6 28. Be2 Bf8 29. Qc2 Rg7 30. Rc1 Ne8 31. Qc6 Bd6 32. Be1 Kh7 33. Ra1 Qd7 34. Qxd7 Rxd7 35.
Bb5 Re7 36. g4 fxg3 37. hxg3 Nf6 38. Be2 h4 39. Nh3 hxg3 40. Bxg3 Kh6 41. Kf2 g4 42. Ng1 Bc5+ 43. Kg2 Nf4+ 44. Bxf4+ exf4 45. Ra6 Kg5 46. fxg4 Rxe4 47. Bf3 Bxg1 48. Bxe4 Nxe4 49. Kxg1 Kxg4 50. Rc6 f3 51. Rxc7 f2+ 52. Kg2 Kf4 53. Rc4 Ke5 54. Rxe4+ Kxe4 55. d6 Ke3 56. Kf1 Kf3 57. d7 Kg3 58. d8=Q Kf3 59. Qd3+ Kg4 60. Kxf2 Kf4 61. Qe3+ Kf5 62. Kg3 Kf6 63. Kg4 Kg6 64.
Qe6+ Kg7 65. Kg5 Kh8 66. Qd7 Kg8 67. Kg6 Kf8 68. Qd8# 1-0

[Event "Late-Titled-Tuesday-Blitz-May-14-2024"]
[Site "Chess.com"]
[Date "2024.05.14"]
[Round "3"]
[White "chess_sharparchitect"]
[Black "Naoki"]
[Result "0-1"]
[WhiteElo "2352"]
[BlackElo "2591"]
[TimeControl "180+1"]
[EndTime "14:30:20 PDT"]
[Termination "Naoki won by checkmate"]

1. c4 Nf6 2. Nc3 g6 3. d4 Bg7 4.
e4 d6 5. h3 O-O 6. Be3 e5 7.
d5 Na6 8. Nf3 Nc5 9. Qc2 a5 10.
Nd2 Bd7 11. Be2 Ne8 12. O-O f5 13. f4 exf4 14. Bxf4 Bd4+ 15. Kh1 g5 16. Bh2 f4 17. Nf3 Be5 18. Nxe5 dxe5 19. Bg1 Qe7 20. d6 cxd6 21. Nd5 Qg7 22. Bxc5 dxc5 23. Nb6 Rd8 24. Nxd7 Rxd7 25.
Bg4 Rd8 26. Rad1 Nf6 27. Be6+ Kh8 28. Rxd8 Rxd8 29. Rd1 Qe7 30. Bf5 Nh5 31. Kh2 Ng3 32. Rd3 Nf1+ 33. Kg1 Ne3 34. Rxd8+ Qxd8 35. Qe2 Qd4 36.
Kh2 Nxf5 37. exf5 e4 38. Qh5 Qf6 39. Qe8+ Kg7 40. Qxe4 b6 41. Qb7+ Kh6 42. Qe4 a4 43.
b3 axb3 44. axb3 Kg7 45. Qd5 h5 46. Qd7+ Kh6 47. Qc8 g4 48. Qd7 g3+ 49. Kh1 Kg5 50. Qd5 Qxf5 51. Qg8+ Qg6 52. Qd8+ Kf5 53. Qd7+ Qe6 54. Qh7+ Ke5 55. Qg7+ Ke4 56. Qh7+ Qf5 57. Qe7+ Qe5 58. Qh7+ Kd4 59. Qd7+ Kc3 60. Qd1 Qe3 61.
Qxh5 Qe1# 0-1

[Event "Late-Titled-Tuesday-Blitz-May-14-2024"]
[Site "Chess.com"]
[Date "2024.05.14"]
[Round "3"]
[White "Flaccidmoves"]
[Black "ansko1999"]
[Result "1/2-1/2"]
[WhiteElo "2443"]
[BlackElo "2617"]
[TimeControl "180+1"]
[EndTime "14:30:26 PDT"]
[Termination "Game drawn by repetition"]

1. c4 Nf6 2. Nc3 e6 3. e4 d5 4. cxd5 exd5 5. e5 Ne4 6. d4 Bb4 7. Qc2 c5 8. Nf3 Bf5 9. Bd3 c4 10. Bxe4 dxe4 11. Be3 Nc6 12. Nd2 O-O 13. Nxc4 Nxd4 14.
Qd2 Nc6 15. O-O Qxd2 16. Bxd2 Rfe8 17. Bf4 Nd4 18. Be3 Nc2 19. Rac1 Nxe3 20. fxe3 Bg6 21. Nd5 Bf8 22. Nc7 Bc5 23. Nxa8 Rxa8 24. Kf2 Re8 25. Nd6 Rxe5 26. Nxb7 Rf5+ 27. Kg3 Rg5+ 28. Kf2 Rf5+ 29. Ke2 Bh5+ 30. Kd2 Bb4+ 31. Kc2 Rb5 32. Nd8 Be2 33. Rfd1 Bxd1+ 34. Rxd1 Rc5+ 35. Kb1 g6 36. a3 Ba5 37. b4 Rb5 38. Nc6 Bb6 39. Nd4 Rd5 40. Kc2 f5 41. a4 Bxd4 42. exd4 Kf7 43. b5 Ke6 44. Kc3 Rd8 45. a5 Kd5 46. b6 axb6 47. axb6 Rb8 48. Rb1 e3 49. Kd3 f4 50. g3 g5 51. h4 h6 52.
hxg5 hxg5 53. gxf4 gxf4 54. Rb5+ Kc6 55. Rf5 Re8 56.
Ke2 Re4 57. Rf6+ Kb7 58. d5 Rd4 59. Re6 Rxd5 60. Re4 Rd2+ 61. Ke1 Rf2 62. Re6 Rf3 63. Ke2 Rf2+ 64. Ke1 Rh2 65. Re4 Rh4 66. Ke2 Rh2+ 67. Ke1 Rf2 68. Re6 1/2-1/2

[Event "Late-Titled-Tuesday-Blitz-May-14-2024"]
[Site "Chess.com"]
[Date "2024.05.14"]
[Round "3"]
[White "NMJeevanK"]
[Black "moro182"]
[Result "1/2-1/2"]
[WhiteElo "2727"]
[BlackElo "2897"]
[TimeControl "180+1"]
[EndTime "14:30:28 PDT"]
[Termination "Game drawn - insufficient material"]

1. e4 g6 2. d4 Bg7 3. Nc3 a6 4. Be3 b5 5. g4 Bb7 6. Bg2 b4 7. Nce2 Nf6 8. f3 d6 9. Qd2 a5 10. a3 Na6 11. h4 h5 12. g5 Nd7 13. f4 c5 14. Kf2 O-O 15. c3 Nb6 16. b3 a4 17. axb4 axb3 18. Rb1 cxb4 19. Rxb3 Nc4 20. Qd3 Nxe3 21. Qxe3 Qa5 22. Nf3 Bc6 23. cxb4 Nxb4 24. Rhb1 Na6 25. e5 dxe5 26. dxe5 Nc7 27. Nfd4 Bxg2 28. Kxg2 Nd5 29. Qf3 e6 30. f5 gxf5 31.
Qxh5 Bxe5 32. g6 fxg6 33. Qxg6+ Bg7 34. Rb7 Nc7 35. Rc1 Qd5+ 36. Kf2 Qxb7 37. Nc6 Rf7 38. h5 Qb6+ 39. Kf1 Ra2 40. h6 Qe3 41. Re1 Qxh6 42. Qg3 Qf6 43. Ncd4 Ra1 44. Rxa1 f4 45. Qf3 Rf8 46. Rc1 e5 47. Rxc7 exd4 48. Qd5+ Kh8 49. Rc6 Qf7 50. Qg2 d3 51. Qh3+ Kg8 52. Qxd3 f3 53.
Ng3 Qe8 54. Qc4+ Kh8 55. Re6 Qf7 56. Qh4+ Kg8 57. Qe4 Qc7 58. Qd5 Qf7 59. Ne4 Re8 60.
Ng5 Rxe6 61. Nxf7 Kxf7 62. Qxf3+ Bf6 63. Qf5 Re7 64. Qh7+ Ke6 65. Qxe7+ Kxe7 1/2-1/2

[Event "Late-Titled-Tuesday-Blitz-May-14-2024"]
[Site "Chess.com"]
[Date "2024.05.14"]
[Round "3"]
[White "cristianserban1"]
[Black "Tolyanius"]
[Result "1-0"]
[WhiteElo "2496"]
[BlackElo "2658"]
[TimeControl "180+1"]
[EndTime "14:30:28 PDT"]
[Termination "cristianserban1 won by resignation"]

1. Nf3 d5 2. e3 Nd7 3. c4 c6 4.
Nc3 Ngf6 5. d4 e6 6. Qc2 Be7 7. Bd3 O-O 8. O-O dxc4 9. Bxc4 b5 10. Bd3 Bb7 11. e4 b4 12. Na4 h6 13. e5 Nd5 14.
Qe2 Re8 15. Qe4 Nf8 16. Qg4 f5 17. exf6 Nxf6 18. Qh3 c5 19. Rd1 Bxf3 20. gxf3 cxd4 21. Bxh6 gxh6 22. Kh1 N8h7 23. Rg1+ Kh8 24. Rg6 Bf8 25. Rag1 Qe7 26. b3 Qf7 27. Nb2 e5 28. Nc4 Rac8 29. Bf5 Rc7 30. Nd2 Be7 31. Ne4 Rg8 32. Rxh6 Rxg1+ 33.
Kxg1 Bf8 34. Nxf6 Bxh6 35. Qxh6 Qg7+ 36. Qxg7+ Rxg7+ 37. Ng4 Ng5 38. Kg2 Nf7 39. h4 Nd6 40. Bc2 e4 41. Kg3 d3 42. Bd1 exf3 43. Bxf3 Nf5+ 44.
Kf4 Nxh4 45. Bd1 Rf7+ 46. Ke3 Ng2+ 47. Kxd3 Re7 48. Bf3 Rd7+ 49. Kc4 Nf4 50. Bc6 Nd3 51. Bxd7 Nb2+ 52. Kxb4 Nd1 53. f4 Nf2 54. f5 Nxg4 55. Kc5 Nf6 56. Kd6 a6 57. Be6 Kg7 58. Kc5 Kf8 59.
Kb6 a5 60. Kxa5 Ke7 61. Kb6 Kd6 62. a4 Ne4 63. a5 Nc5 64. b4 Na4+ 65. Kb7 Nc3 66. a6 Nb5 67. a7 Nc7 68. a8=Q Nxa8 69. Kxa8 Kc6 70. f6 1-0